 Dungeon Crawl Stone Soup version 0.32-a0-13-gbaedc58 (webtiles) character file.

Game seed: 6912439855019751449

21784 beatlcricket the Fencer (level 12, -9/96 HPs)
             Began as a Merfolk Monk on Jan 15, 2024.
             Was the Champion of Cheibriados.
             Mangled by a cyclops skeleton (21 damage)
             ... summoned by an orange crystal statue
             ... in a Gauntlet.
             The game lasted 00:58:40 (15397 turns).

beatlcricket the Fencer (Merfolk Monk)             Turns: 15397, Time: 00:58:40

Health: -9/96      AC:  5    Str: 28    XL:     12   Next: 93%
Magic:  20/20      EV: 25    Int: 24    God:    Cheibriados [******]
Gold:   810        SH:  0    Dex: 41    Spells: 8/21 levels left

rFire   . . .        J - +2 great sword (vamp)
rCold   . . .        (shield currently unavailable)
rNeg    . . .        f - +0 scale mail
rPois   .            y - +0 helmet
rElec   .            R - scarf {+Inv}
rCorr   +            P - +0 pair of gloves
SInv    +            M - +0 pair of boots {Fly}
Will    .....        c - amulet of faith Stlth
                     E - ring "Wucw" {rCorr SInv}
HPRegen 0.36/turn    u - +6 ring of dexterity
MPRegen 0.17/turn

%: no teleportation, faith
@: confused, corroded, on berserk cooldown, flying, slowed, very slow
A: (nimble swimmer 2), mertail
a: Renounce Religion, Evoke Invisibility, Bend Time, Temporal Distortion,
Slouch, Step From Time


You were in a Gauntlet.
You worshipped Cheibriados.
Cheibriados was exalted by your worship.
You visited 3 branches of the dungeon, and saw 15 of its levels.
You also visited: Bailey and Gauntlet.

You collected 810 gold pieces.

Inventory:

Hand Weapons
 j - a +4 long sword of freezing
 J - a +2 vampiric great sword (weapon)
Missiles
 Q - 5 curare-tipped darts (quivered) {!f}
Armour
 a - a +1 kite shield of protection
 f - a +0 scale mail (worn)
 y - a +0 helmet (worn)
 M - a +0 pair of boots of flying (worn)
 P - a +0 pair of gloves (worn)
 R - a scarf of invisibility (worn)
Magical Staves
 i - a staff of conjuration
 o - a staff of alchemy
Jewellery
 b - a +5 ring of evasion
 c - an amulet of faith (around neck)
 m - an amulet of the acrobat
 u - a +6 ring of dexterity (right hand)
 D - a ring of resist corrosion
 E - the ring "Wucw" (left hand) {rCorr SInv}
   (You found it on level 6 of the Dungeon)

   [ring of resist corrosion]

   SInv:      It lets you see invisible.
   rCorr:     It protects you from acid and corrosion.
 L - a ring of willpower
 O - a +4 ring of protection
 S - an amulet of regeneration
 T - an amulet of guardian spirit
Wands
 l - a wand of digging (12)
 v - a wand of mindburst (10)
 B - a wand of iceblast (11)
 I - a wand of quicksilver (9)
 N - a wand of flame (4)
Scrolls
 d - a scroll of identify
 e - 3 scrolls of revelation
 p - 3 scrolls of enchant armour
 q - a scroll of teleportation
 t - a scroll of immolation {unknown}
 w - a scroll of enchant weapon {unknown}
 x - 2 scrolls of noise {unknown}
 z - a scroll of vulnerability {unknown}
 C - 7 scrolls of fog
Potions
 g - 2 potions of magic
 k - 3 potions of brilliance
 n - 4 potions of mutation
 F - 2 potions of attraction
 G - a potion of lignification {unknown}
 H - 2 potions of haste
 K - 3 potions of enlightenment


   Skills:
 + Level 9.4 Fighting
 * Level 15.4 Long Blades
 + Level 11.1 Dodging
 - Level 5.4 Spellcasting
 + Level 7.8 Translocations
 + Level 7.0 Invocations


You had 8 spell levels left.
You knew the following spells:

 Your Spells              Type           Power      Damage    Failure   Level
a - Manifold Assault      Tloc           43%        N/A       8%          4
b - Ozocubu's Armour      Ice            6%         N/A       50%         3
c - Vhi's Electric Charg  Tloc/Air       50%        N/A       36%         4
d - Blink                 Tloc           86%        N/A       1%          2

Your spell library contained the following spells:

 Spells                   Type           Power      Damage    Failure   Level
 Apportation              Tloc           86%        N/A       1%          1
 Freeze                   Ice            24%        1d4       19%         1
 Magic Dart               Conj           24%        1d4       19%         1
 Necrotise                Necr           24%        1d5       19%         1
 Shock                    Conj/Air       24%        1d4       19%         1
 Sting                    Conj/Alch      24%        1d4       19%         1
 Summon Small Mammal      Summ           24%        N/A       19%         1
 Call Imp                 Summ           12%        N/A       28%         2
 Static Discharge         Conj/Air       12%        3-4/arc   28%         2
 Call Canine Familiar     Summ           6%         N/A       50%         3
 Frozen Ramparts          Ice            12%        1d2       50%         3
 Fugue of the Fallen      Necr           6%         N/A       50%         3
 Hailstorm                Conj/Ice       6%         3d5       50%         3
 Summon Ice Beast         Ice/Summ       6%         N/A       50%         3
 Swiftness                Air            6%         N/A       50%         3
 Airstrike                Air            3%         2d(1-17)  88%         4
 Leda's Liquefaction      Alch/Erth      3%         N/A       88%         4
 Petrify                  Alch/Erth      6%         N/A       88%         4
 Summon Blazeheart Golem  Fire/Summ      6%         N/A       88%         4
 Summon Lightning Spire   Summ/Air       6%         N/A       88%         4
 Arcjolt                  Conj/Air       3%         1d13      99%         5
 Metabolic Englaciation   Hex/Ice        3%         N/A       99%         5
 Summon Mana Viper        Hex/Summ       6%         N/A       99%         5
 Monstrous Menagerie      Summ           3%         N/A       100%        7
 Maxwell's Capacitive Co  Air            3%         ∞         100%        8


Dungeon Overview and Level Annotations

Branches:
Dungeon (10/15)            Temple (1/1) D:6            Lair (4/5) D:10
 Shoals (0/4) Lair:2        Slime (0/5) Lair:4       Bailey (visited)
Gauntlet (1/1)
  Snake: Lair:2-3    Spider: Lair:2-3       Orc: D:9-12

Altars:
Ashenzari
Cheibriados
Dithmenos
Elyvilon
Fedhas
Gozag
Hepliaklqana
Kikubaaqudgha
Makhleb
Nemelex Xobeh
Okawaru
Qazlal
Ru
Sif Muna
Trog
Uskayaw
Vehumet
Wu Jian
Xom
Yredelemnul
Zin
The Shining One
Jiyva

Shops:
D:2 (

Annotations:
D:7 Dowan, Duvessa, Jeremiah
D:9 1 runed translucent door
Lair:2 1 runed translucent door, Zoacsaen's ghost, journeyman DsFi
Lair:3 3 runed translucent doors, kasel's ghost, journeyman FoFi Gauntlet 11 transporters, exclusion: orange crystal statue


Innate Abilities, Weirdness & Mutations

((You are very nimble when in or above water. (Stealth+, EV+, Speed+++)))
Your lower body shifts to a powerful aquatic tail in water.


Message History

The fire bat misses you.
The acid dragon attacks as it pursues you!
The acid dragon barely misses you. The acid dragon claws you.
* * * LOW HITPOINT WARNING * * *
The acid dragon closely misses you. x2
The orange crystal statue glitters.
You resist with almost no effort.
You feel a strong urge to attack something.
You feel less invigorated.
The fire bat is no longer covered in acid.
The fire bat bites you but does no damage.
The fire bat misses you. The fire bat completely misses you.
The fire bat closely misses you.
The orange crystal statue glitters.
You are more confused.
The cyclops skeleton attacks as it pursues you!
The cyclops skeleton barely misses you. The acid dragon misses you. x2
You are no longer berserk.
You are exhausted.
You feel yourself slow down. The fire bat misses you. x2
The acid dragon closely misses you. The acid dragon completely misses you.
The orange crystal statue glitters.
You are more confused.
The fire bat completely misses you. The cyclops skeleton barely misses you.
The acid dragon barely misses you.
The acid dragon claws you but does no damage.
The fire bat bites you but does no damage.
The fire bat completely misses you. The fire bat barely misses you.
The fire bat bites you.
* * * LOW HITPOINT WARNING * * *
You are engulfed in flames.
* * * LOW HITPOINT WARNING * * *
The fire bat misses you. The acid dragon spits acid at you.
The splash of acid hits you. You resist.
* * * LOW HITPOINT WARNING * * *
The acid dragon barely misses you. The acid dragon misses you.
The cyclops skeleton attacks as it pursues you!
The cyclops skeleton hits you!!
You die...

.#.Z###...#.....#...#..###
##Z#ZZ#...#......#..#..#8#
#######...###########..###
........§....#.©.#.....#
.......≈8≈...#...#.8...###
........§....#.©.#.....#8#
#######...###########..###
.©$...#...#..=?©$D..#..#
...##.#...#...b8@Z..#..###
###.#.#...#.....b...#..#8#
#.##..#...#.........#..###
.©....#...#....©....#..#
#.##..#...#.........#..###
###.#W#...#.........#..#8#
...##W#.∩.#.........#..###
.....W#...#.........#..#
#######...###########..###


You could see an orange crystal statue, an acid dragon (summoned), 2 fire bats
and a cyclops skeleton (summoned).

Vanquished Creatures
  A catoblepas (Lair:2)
  A two-headed ogre (D:9)
  Sonja (D:10)
  The ghost of cinnamon the Martial Artist, a novice OpFi (D:7)
  3 orc knights (Bailey)
  A moth of wrath (D:7)
  2 slime creatures (D:10)
  An ugly thing (D:10)
  A black mamba (Lair:3)
  Joseph (D:7)
  A cane toad (Lair:1)
  3 komodo dragons (Lair:1)
  2 rime drakes
  An unseen horror (D:10)
  A troll (D:6)
  3 hornets
  2 polar bears
  10 blink frogs
  A shadow (D:10)
  21 yaks
  4 wyverns
  2 basilisks (D:10)
  A steam dragon (D:8)
  4 water moccasins
  An acid dragon (D:10)
  A sky beast (D:8)
  9 orc warriors
  A swamp drake (D:10)
  2 black bears
  2 ice beasts (D:7)
  11 wolves
  2 ogres (D:5)
  A centaur (D:7)
  A phantom (D:4)
  A kobold brigand (D:8)
  9 bullfrogs
  2 gnoll sergeants
  2 scorpions
  10 wights
  27 killer bees
  A bombardier beetle (D:3)
  11 jellies
  A gnoll bouda (D:5)
  3 hounds
  6 orc priests
  7 iguanas
  3 sleepcaps
  5 orc wizards
  Robin (D:4)
  17 gnolls
  9 adders
  A shadow imp (D:8)
  3 white imps
  2 dart slugs
  2 ribbon worms
  25 orcs
  6 ball pythons
  10 endoplasms
  2 giant cockroaches
  20 goblins
  7 hobgoblins
  3 jackals (D:1)
  6 quokkas
  3 bats
  2 frilled lizards
  23 kobolds
  4 rats
334 creatures vanquished.

Notes
Turn   | Place    | Note
-------+----------+-------------------------------------------
     0 | D:1      | beatlcricket the Merfolk Monk began the quest for the Orb.
     0 | D:1      | Reached XP level 1. HP: 18/18 MP: 1/1
    53 | D:1      | Reached skill level 4 in Long Blades
   207 | D:1      | Reached XP level 2. HP: 21/24 MP: 2/2
   391 | D:1      | Reached XP level 3. HP: 27/29 MP: 3/3
   517 | D:1      | Reached skill level 5 in Long Blades
   627 | D:2      | You fall into a shaft and drop 2 floors!
   943 | D:3      | Reached skill level 6 in Long Blades
   943 | D:3      | Reached XP level 4. HP: 23/35 MP: 4/4
  1207 | D:2      | Found Mebaor's Weapon Boutique.
  1301 | D:2      | Reached XP level 5. HP: 41/41 MP: 5/5
  1453 | D:2      | Reached skill level 7 in Long Blades
  2380 | D:4      | Noticed a phantom
  2386 | D:4      | Reached skill level 8 in Long Blades
  2386 | D:4      | Reached XP level 6. HP: 31/47 MP: 6/6
  2559 | D:4      | Noticed Robin
  2586 | D:4      | Killed Robin
  2610 | D:4      | Reached skill level 9 in Long Blades
  2889 | D:4      | Reached XP level 7. HP: 16/52 MP: 7/7
  3141 | D:4      | Learned a level 4 spell: Manifold Assault
  3445 | D:5      | Entered Level 5 of the Dungeon
  3456 | D:5      | Reached skill level 1 in Translocations
  3656 | D:5      | Reached skill level 1 in Spellcasting
  3932 | D:5      | Found a shadowy altar of Dithmenos.
  3932 | D:5      | Found a glowing silver altar of Zin.
  3932 | D:5      | Found a bloodstained altar of Trog.
  3938 | D:5      | Found a basalt altar of Yredelemnul.
  3939 | D:5      | Found a stormy altar of Qazlal.
  3940 | D:5      | Found a hide-covered altar of Uskayaw.
  3941 | D:5      | Found a white marble altar of Elyvilon.
  3945 | D:5      | Found a sacrificial altar of Ru.
  3946 | D:5      | Found a shimmering blue altar of Sif Muna.
  4203 | D:5      | Reached skill level 10 in Long Blades
  4203 | D:5      | Reached XP level 8. HP: 58/58 MP: 9/11
  4758 | D:6      | Identified the ring "Wucw" {rCorr SInv}
  4768 | D:6      | Found an iron altar of Okawaru.
  4811 | D:6      | Found a staircase to the Ecumenical Temple.
  4818 | D:6      | Noticed a troll
  4820 | Temple   | Entered the Ecumenical Temple
  4917 | Temple   | Became a worshipper of Cheibriados the Contemplative
  4917 | Temple   | Reached * piety under Cheibriados
  4917 | Temple   | Reached ** piety under Cheibriados
  4947 | D:6      | Killed a troll
  5680 | D:6      | Reached XP level 9. HP: 30/64 MP: 14/14
  5986 | D:7      | Noticed Joseph
  6124 | D:7      | Reached skill level 5 in Translocations
  6345 | D:7      | Noticed Jeremiah
  6346 | D:7      | Noticed Duvessa
  6386 | D:7      | Reached skill level 11 in Long Blades
  6429 | D:7      | Found a transporter.
  6434 | D:7      | Found a transporter.
  6700 | D:7      | Noticed cinnamon's ghost (novice OpFi)
  6711 | D:7      | Noticed a moth of wrath
  6719 | D:7      | Killed Joseph
  6875 | D:7      | Noticed Dowan
  7039 | D:7      | Killed a moth of wrath
  7044 | D:7      | Reached skill level 5 in Spellcasting
  7065 | D:7      | Killed cinnamon's ghost
  7065 | D:7      | Reached *** piety under Cheibriados
  7066 | D:7      | Reached XP level 10. HP: 16/70 MP: 16/18
  7473 | D:8      | Noticed a centaur warrior
  7474 | D:8      | Noticed a manticore
  7474 | D:8      | Noticed a boulder beetle
  7475 | D:8      | Noticed a tengu warrior
  7486 | D:8      | Noticed a boulder beetle
  7487 | D:8      | Noticed a cyclops
  7489 | D:8      | Noticed a centaur warrior
  7593 | D:8      | HP: 2/69 [killer bee (7)]
  7598 | D:8      | HP: 1/69 [killer bee (7)]
  7602 | D:8      | Reached skill level 1 in Invocations
  7833 | D:8      | Reached skill level 12 in Long Blades
  7978 | D:8      | Reached **** piety under Cheibriados
  8299 | D:8      | Noticed a cyclops
  8319 | D:8      | Reached skill level 5 in Dodging
  8618 | D:8      | Reached skill level 5 in Fighting
  9101 | D:9      | Reached ***** piety under Cheibriados
  9102 | D:9      | Reached XP level 11. HP: 49/80 MP: 3/19
  9221 | D:9      | Found a flagged portal.
  9235 | Bailey   | Entered a bailey
  9371 | Bailey   | Noticed an orc knight
  9380 | Bailey   | Noticed an orc knight
  9380 | Bailey   | Noticed an orc knight
  9500 | Bailey   | Killed an orc knight
  9515 | Bailey   | Reached skill level 13 in Long Blades
  9528 | Bailey   | Killed an orc knight
  9533 | Bailey   | Reached skill level 5 in Invocations
  9691 | Bailey   | Killed an orc knight
 10367 | D:9      | Identified the +4 sling "Ylaqogej" {drain, rN++ rCorr Str-2
                  | Dex+3}
 10423 | D:9      | Learned a level 3 spell: Ozocubu's Armour
 10428 | D:9      | Learned a level 4 spell: Vhi's Electric Charge
 10475 | D:9      | Found a runed translucent door.
 10475 | D:9      | Noticed a two-headed ogre
 10489 | D:9      | Killed a two-headed ogre
 10751 | D:10     | Entered Level 10 of the Dungeon
 10751 | D:10     | Noticed Sonja
 10753 | D:10     | Killed Sonja
 11121 | D:10     | Found a staircase to the Lair.
 11548 | D:10     | Noticed a purple ugly thing
 11564 | D:10     | Killed a cyan ugly thing
 11565 | D:10     | Reached skill level 14 in Long Blades
 11565 | D:10     | Reached XP level 12. HP: 56/92 MP: 5/20
 11739 | D:10     | Reached ****** piety under Cheibriados
 12267 | Lair:1   | Entered Level 1 of the Lair of Beasts
 12397 | Lair:1   | Reached skill level 10 in Dodging
 13441 | Lair:2   | Noticed a catoblepas
 13451 | Lair:2   | Killed a catoblepas
 13589 | Lair:2   | Found a staircase to the Shoals.
 13911 | Lair:2   | Learned a level 2 spell: Blink
 13926 | Lair:2   | Reached skill level 15 in Long Blades
 14185 | Lair:2   | Found a runed translucent door.
 14376 | Lair:2   | Noticed Zoacsaen's ghost (journeyman DsFi)
 14574 | Lair:3   | Identified the +6 spear of Guyl {flame, rElec Will+ Int+4
                  | Dex-4}
 14624 | Lair:3   | Found a runed translucent gate.
 14624 | Lair:3   | Found a runed translucent gate.
 14624 | Lair:3   | Found a runed translucent gate.
 14628 | Lair:3   | Noticed kasel's ghost (journeyman FoFi)
 14629 | Lair:3   | Noticed a great orb of eyes
 14741 | Lair:3   | Found a viscous altar of Jiyva.
 14775 | Lair:3   | Noticed an eight-headed hydra
 15030 | Lair:4   | Found a viscous altar of Jiyva.
 15031 | Lair:4   | Found a staircase to the Slime Pits.
 15048 | Lair:4   | Found a gate leading to a gauntlet.
 15057 | Gauntlet | Entered a Gauntlet
 15057 | Gauntlet | Found the ring of the Octopus King
 15057 | Gauntlet | Found a transporter.
 15057 | Gauntlet | Found a transporter.
 15057 | Gauntlet | Found a transporter.
 15057 | Gauntlet | Found a transporter.
 15061 | Gauntlet | Found a transporter.
 15071 | Gauntlet | Found a transporter.
 15074 | Gauntlet | Found a transporter.
 15093 | Gauntlet | Found a transporter.
 15100 | Gauntlet | Found a transporter.
 15121 | Gauntlet | Found a transporter.
 15126 | Gauntlet | Found a transporter.
 15148 | Gauntlet | Found a transporter.
 15397 | Gauntlet | Mangled by a cyclops skeleton

Illustrated notes

Levels and vault maps discovered:
D:1:      dpeg_arrival_windows_large_door, layout_rooms
D:2:      layout_loops_cross, serial_shops, nicolae_shop_trees
D:3:      layout_loops_corners
D:4:      layout_gridville, serial_glass, glass_columns_b, glass_columns_c,
          glass_columns_b, glass_columns_a, hangedman_decor_clover_reticule,
          minmay_three_crescents, uniq_robin
D:5:      layout_gridville, nicolae_overflow_hallway_of_the_gods
D:6:      layout_basic, okawaru_altar_gauntlet_db,
          minmay_temple_entry_statues_pillars, serial_rivers,
          chequers_serial_rivers_small_a, chequers_serial_rivers_small_b,
          chequers_serial_rivers_micro_d, chequers_serial_rivers_room_b
D:7:      layout_basic, gammafunk_ghost_berserking_beasts, uniq_jeremiah,
          uniq_duvessa, uniq_joseph
D:8:      layout_cave_pools, hangedman_decor_push, minivault_12
D:9:      layout_cave_pools, enter_bailey_7, minivault_13
D:10:     layout_basic, erik_lair_dragon, uniq_sonja
Temple:   nicolae_temple_bog_church
Lair:1:   layout_regular_city, lemuel_fruit_tree
Lair:2:   layout_chaotic_city, elwin_shoals_entry_rocks,
          ebering_ghost_reflecting_pool
Lair:3:   layout_gridlike, nicolae_spider_entry_tight_spaces,
          gammafunk_ghost_ooze, lemuel_fruit_fields, lemuel_fruit_fields
Lair:4:   nzn_winding_woodlands_stair_cross [nzn_winding_woodlands_5x15_pool,
          nzn_winding_woodlands_center_garden,
          nzn_winding_woodlands_5x15_split_checker,
          nzn_winding_woodlands_5x5_closed_star,
          nzn_winding_woodlands_5x5_cross, nzn_winding_woodlands_5x15_jagged,
          nzn_winding_woodlands_center_triple_pond,
          nzn_winding_woodlands_5x15_longhouse], layout_misc_corridors,
          minmay_slime_entry_jelly_boxes, gauntlet_entry_generic, ice2_lemuel
Gauntlet: gammafunk_gauntlet_shortcut [gammafunk_gauntlet_arena_open,
          nicolae_gauntlet_swirl, gammafunk_gauntlet_arena_corners,
          gammafunk_gauntlet_arena_split_x, gammafunk_gauntlet_arena_crates,
          gammafunk_gauntlet_arena_mazey, gauntlet_exit_hidden_loot]

Skill      XL: |  1  2  3  4  5  6  7  8  9 10 11 12 |
---------------+-------------------------------------+-----
Long Blades    | 4 6 8 9 10 11 12 14 15 | 15.4
Translocations | 2 4 7 |  7.8
Spellcasting   | 2 3 5 |  5.4
Invocations    | 4 6 7 |  7.0
Fighting       | 5 7 9 |  9.4
Dodging        | 6 9 11 | 11.1

Action                     |  1- 3 |  4- 6 |  7- 9 | 10-12 || total
---------------------------+-------+-------+-------+-------++-------
  Melee: Falchion          |    64 |   174 |   327 |    77 ||   642
         Tailslap          |       |       |     3 |       ||     3
         Long sword        |       |       |       |    66 ||    66
         Great sword       |       |       |       |   379 ||   379
         Punch             |       |       |       |     1 ||     1
  Throw: Throwing net      |       |       |       |     1 ||     1
   Cast: Manifold Assault  |       |       |       |   102 ||   102
         Ozocubu's Armour  |       |       |       |     1 ||     1
         Blink             |       |       |       |     1 ||     1
 Invoke: Slouch            |       |       |       |     4 ||     4
  Evoke: Wand              |       |       |    18 |     1 ||    19
    Use: Scroll            |       |       |     7 |    14 ||    21
         Potion            |       |       |     3 |     9 ||    12
   Stab: Distracted        |     1 |       |       |     1 ||     2
         Held in net/web   |       |       |       |     3 ||     3
         Sleeping          |       |       |       |     1 ||     1
 Armour: Scale mail        |    33 |    88 |   157 |   237 ||   515
         Robe              |     1 |       |       |       ||     1
  Dodge: Dodged            |    32 |    98 |   166 |   423 ||   719
  Block: Buckler           |       |     4 |    81 |    46 ||   131
         Kite shield       |       |       |       |    18 ||    18

Table legend: (Time is in decaauts)
 A = Elapsed time spent in this place.
 B = Non-inter-level travel time spent in this place.
 C = Inter-level travel time spent in this place.
 D = Time resting spent in this place.
 E = Time spent auto-exploring this place.
 F = Levels seen in this place.
 G = Mean time per level.
                   A        B        C        D        E       F      G
               +--------+--------+--------+--------+--------+-----+--------+
         Total |  19400 |  18468 |    932 |   3584 |  10589 |  17 | 1141.2 |
       Dungeon |  13546 |  12714 |    832 |   2995 |   6838 |  10 | 1354.6 |
        Temple |    129 |    129 |      0 |     64 |      0 |   1 |  129.0 |
          Lair |   4162 |   4062 |    100 |    287 |   3347 |   4 | 1040.5 |
        Bailey |    909 |    909 |      0 |    238 |    403 |   1 |  909.0 |
      Gauntlet |    652 |    652 |      0 |      0 |      0 |   1 |  652.0 |
               +--------+--------+--------+--------+--------+-----+--------+

Top non-repeatable levels by time:
    D:10: 2325 daAuts
     D:7: 2043 daAuts
  Lair:2: 1808 daAuts
  Lair:1: 1760 daAuts
     D:9: 1518 daAuts
     D:8: 1454 daAuts
     D:5: 1385 daAuts
     D:6: 1372 daAuts
     D:4: 1289 daAuts
     D:3: 937 daAuts
  Bailey: 909 daAuts
Gauntlet: 652 daAuts
     D:2: 630 daAuts
     D:1: 590 daAuts
  Lair:3: 510 daAuts
